 Dungeon Crawl Stone Soup version 0.29-a0-284-gf9362112df (webtiles) character file.

Game seed: 15791536930623882826

38 domi the Magician (level 3, 0/24 HPs)
             Began as a Demonspawn Hedge Wizard on Mar 22, 2022.
             Slain by Natasha (7 damage)
             ... on level 3 of the Dungeon.
             The game lasted 00:03:15 (2143 turns).

domi the Magician (Demonspawn Hedge Wizard)         Turns: 2143, Time: 00:03:16

Health: 0/24       AC:  2    Str: 10    XL:     3   Next: 25%
Magic:  1/7        EV: 12    Int: 17    God:
Gold:   81         SH:  4    Dex: 12    Spells: 7/8 levels left

rFire   . . .      SeeInvis .   a - +0 dagger
rCold   . . .      Faith    .   (no shield)
rNeg    + . .      Spirit   .   b - +0 robe
rPois   .          Reflect  .   c - +0 hat
rElec   .          Harm     .   r - scarf {repulsion}
rCorr   .          Rampage  .   (no gloves)
Will    .....                   (no boots)
Stlth   ++........              (no amulet)
HPRegen 0.08/turn               e - ring of positive energy {rN+}
MPRegen 0.10/turn               (no ring)

@: repel missiles
A: condensation shield
a: no special abilities


You were on level 3 of the Dungeon.
You visited 1 branch of the dungeon, and saw 3 of its levels.

You collected 81 gold pieces.

Inventory:

Hand Weapons
 a - a +0 dagger (weapon)
Missiles
 j - 3 poisoned darts
 m - 2 throwing nets {=f, !d=f}
Armour
 b - a +0 robe (worn)
 c - a +0 hat (worn)
 r - a scarf of repulsion (worn)
   (You found it on level 2 of the Dungeon)
Magical Staves
 i - a staff of conjuration {!a}
   (You found it on level 1 of the Dungeon)
Jewellery
 e - a ring of positive energy (left hand) {rN+}
   (You found it on level 1 of the Dungeon)
 h - an amulet of magic regeneration
   (You found it on level 1 of the Dungeon)
Scrolls
 g - 6 scrolls of identify {unknown}
 k - a scroll of teleportation {unknown}
 l - a scroll of blinking {unknown}
 n - a scroll of enchant weapon {unknown}
 p - a scroll of amnesia {unknown}
 q - a scroll of noise {unknown}
 s - a scroll of fear {unknown}
Potions
 d - a potion of magic
 f - a potion of mutation {unknown}
 o - a potion of heal wounds {unknown}


   Skills:
 - Level 1.9 Dodging
 - Level 2.0 Stealth
 + Level 3.3 Spellcasting
 * Level 2.2 Conjurations
 - Level 1.2 Summonings
 - Level 1.0 Translocations


You had 7 spell levels left.
You knew the following spells:

 Your Spells              Type           Power      Damage    Failure   Level
z - Magic Dart            Conj           40%        1d5       7%          1

Your spell library contained the following spells:

 Spells                   Type           Power      Damage    Failure   Level
 Call Imp                 Summ           6%         N/A       16%         2
 Slow                     Hex            8%         N/A       17%         1
 Blink                    Tloc           12%        N/A       17%         2
 Conjure Flame            Conj/Fire      6%         6-21      32%         3
 Mephitic Cloud           Conj/Pois/Air  5%         N/A       36%         3
 Ozocubu's Armour         Ice            2%         N/A       45%         3
 Ozocubu's Refrigeration  Ice            1%         4d5       100%        7


Dungeon Overview and Level Annotations

Branches:
Dungeon (3/15)

Altars:

Annotations:
D:3 Natasha


Innate Abilities, Weirdness & Mutations

A meltable shield of frost defends you. (SH +4)


Message History

Unknown command.
Things that are here:
a +0 dagger; a kobold corpse; MP restored: 7 You now have 81 gold pieces (gained 10).
r - a scarf of repulsion A kobold comes into view.
It is wielding a +0 club.
A kobold is nearby!
A kobold is nearby!
Aim: a kobold, wielding a +0 club (asleep, 100% to hit)
The magic dart hits the kobold.
You kill the kobold!
You now have 6/7 mp.
You start putting on your armour.
You continue putting on your scarf of repulsion. x4
You finish putting on your scarf of repulsion.
You are surrounded by a repulsion field.
Things that are here:
a +0 club; a kobold corpse; MP restored: 7 Done exploring.
Done exploring.
Done exploring.
Done exploring.
Done exploring.
Done exploring.
(D) Dungeon
Where to? (Enter - D:2, ? - help)
There is a stone staircase leading down here.
You climb downwards.
There is a stone staircase leading up here.
(D) Dungeon
Where to? (Enter - D:3, ? - help)
You climb upwards.
There is a stone staircase leading down here.
There is a stone staircase leading up here.
You see here 21 stones.
You see here 13 stones.
There is an escape hatch in the ceiling here.
A mysterious force pulls you upwards. The hatch slams shut behind you.
(D) Dungeon
Where to? (Enter - D:2 @ (x,y), ? - help)
There is a stone staircase leading down here.
You climb downwards.
There is a stone staircase leading up here.
You can't go down here!
Done exploring.
Done exploring.
Done exploring.
Done exploring.
(D) Dungeon
Where to? (Enter - D:2, ? - help)
There is a stone staircase leading down here.
You climb downwards.
There is a stone staircase leading up here.
Found a stone staircase leading down.
s - a scroll labelled LAXKOU JOTO Natasha, Servant of Life and Death comes into view.
Natasha hisses angrily.
Natasha mewls in sadness.
Natasha casts a spell at you. The magic dart hits you!
You take 7 damage, and have 17/24 hp.
MASSIVE DAMAGE!!
Aim: Natasha (100% to hit)
The magic dart hits Natasha.
You now have 6/7 mp.
Aim: Natasha (moderately wounded, 100% to hit)
You miscast Magic Dart.
You are very lightly contaminated with residual magic.
Nothing appears to happen.
You now have 5/7 mp.
Aim: Natasha (moderately wounded, 100% to hit)
The magic dart hits Natasha.
You now have 4/7 mp.
Aim: Natasha (heavily wounded, 100% to hit)
The magic dart hits Natasha but does no damage.
Natasha mumbles some strange words.
You feel troubled.
You now have 3/7 mp.
Aim: Natasha (heavily wounded, 100% to hit)
The magic dart hits Natasha but does no damage.
You now have 2/7 mp.
You barely miss Natasha. Natasha claws you.
You take 5 damage, and have 12/24 hp.
MASSIVE DAMAGE!!
Aim: Natasha (heavily wounded, 100% to hit)
The magic dart hits Natasha.
You block Natasha's attack.
You now have 1/7 mp.
Aim: Natasha (severely wounded, 100% to hit)
The magic dart hits Natasha.
Natasha claws you.
You take 3 damage, and have 9/24 hp.
You now have 0/7 mp.
Unknown command.
You barely miss Natasha.
Natasha drinks a potion.
Natasha is healed!
Your magical contamination has completely faded away.
You hit Natasha but do no damage. Natasha claws you.
* * * LOW HITPOINT WARNING * * *
You take 2 damage, and have 7/24 hp.
You hit Natasha. Natasha claws you!
You die...

..(.......#
..........#
..........#
..........#
..........#
.......>..#
.......h..# #..#
#.#@# #..# #.#.#
#..# ###.#.## #..
#..# #......# #..
#..# #......# #...
#..# #......#
#....#..###......#
#....#...........#
........#####.#..#


You could see Natasha.

Vanquished Creatures
  A worm (D:2)
  A dart slug (D:1)
  4 ball pythons
  2 endoplasms (D:1)
  A giant cockroach (D:1)
  3 goblins (D:1)
  3 hobgoblins
  6 kobolds
  3 quokkas
  2 bats
  A frilled lizard (D:1)
  3 rats (D:2)
30 creatures vanquished.

Notes
Turn   | Place    | Note
-------+----------+-------------------------------------------
     0 | D:1      | domi the Demonspawn Hedge Wizard began the quest for the
                  | Orb.
     0 | D:1      | Reached XP level 1. HP: 13/13 MP: 4/4
    93 | D:1      | Reached skill level 1 in Translocations
   186 | D:1      | Reached skill level 2 in Stealth
   186 | D:1      | Gained mutation: A meltable shield of frost defends you.
                  | (SH +4) [demonic ancestry]
   186 | D:1      | Reached XP level 2. HP: 16/19 MP: 1/6
  1224 | D:2      | Reached skill level 2 in Conjurations
  1374 | D:2      | Reached XP level 3. HP: 24/24 MP: 7/7
  1456 | D:2      | Found a faded altar of an unknown god.
  2132 | D:3      | Noticed Natasha
  2143 | D:3      | Slain by Natasha

Illustrated notes

Levels and vault maps discovered:
D:1:      amcnicky_arrival_abandoned_market, layout_loops_ring
D:2:      layout_loops_cross, ebering_ecumenical_altar_mist,
          minmay_misc_feat_five
D:3:      layout_basic, nzn_overflow_gifts_of_might_and_magic, serial_glass,
          glass_columns_a, glass_columns_a, uniq_natasha

Skill      XL: |  1  2 |
---------------+-------+-----
Translocations | 1 |  1.0
Stealth        | 2 |  2.0
Conjurations   | 2 |  2.2
Dodging        | |  1.9
Spellcasting   | |  3.3
Summonings     | |  1.2

Action                   || total
-------------------------++-------
Melee: Dagger            ||    20
 Cast: Magic Dart        ||    74
 Stab: Sleeping          ||     1
Armor: Robe              ||     2
Dodge: Dodged            ||     7
Block: Other             ||     2

Table legend: (Time is in decaauts)
 A = Elapsed time spent in this place.
 B = Non-inter-level travel time spent in this place.
 C = Inter-level travel time spent in this place.
 D = Time resting spent in this place.
 E = Time spent auto-exploring this place.
 F = Levels seen in this place.
 G = Mean time per level.
                   A        B        C        D        E       F      G
               +--------+--------+--------+--------+--------+-----+--------+
         Total |   2144 |   2050 |     94 |    197 |   1669 |   3 |  714.7 |
       Dungeon |   2144 |   2050 |     94 |    197 |   1669 |   3 |  714.7 |
               +--------+--------+--------+--------+--------+-----+--------+

Top non-repeatable levels by time:
     D:1: 1187 daAuts
     D:2: 925 daAuts
     D:3: 31 daAuts

Table legend:
 A = Kills in this place as a percentage of kills in entire the game.
 B = Kills by you in this place as a percentage of kills by you in the entire game.
 C = Kills by friends in this place as a percentage of kills by friends in the entire game.
 D = Other kills in this place as a percentage of other kills in the entire game.
 E = Experience gained in this place as a percentage of experience gained in the entire game.
 F = Experience gained in this place divided by the number of levels of this place that you have seen.
                   A       B       C       D       E      F
               +-------+-------+-------+-------+-------+----------------------
         Total | 100.0 | 100.0 |   N/A |   N/A | 100.0 |  18.3
       Dungeon | 100.0 | 100.0 |   N/A |   N/A | 100.0 |  18.3
               +-------+-------+-------+-------+-------+----------------------
